[Event "Team 45 45 League T24"]
[Site "Internet Chess Club"]
[Date "2004.10.18"]
[Round "6"]
[White "viking99"]
[Black "maq"]
[Result "1/2-1/2"]
[WhiteElo "1784"]
[BlackElo "1780"]
[TimeControl "2700+45"]

1. e4 Nf6 2. Nc3 d5 3. exd5 Nxd5 4. Qf3 c6 5. Bc4 e6 6. Nge2 Bd6 7. d3 Nd7 8.
Bd2 Qf6 9. Qg4 Ne5 10. Qg5 Qxg5 11. Bxg5 O-O 12. Nxd5 cxd5 13. Bb3 a5 14. a3 a4
15. Ba2 Ng6 16. O-O h6 17. Bd2 Bd7 {Game drawn by mutual agreement} 1/2-1/2

[Event "Team 45 45 League T24"]
[Site "Internet Chess Club"]
[Date "2004.10.19"]
[Round "6"]
[White "jericho121"]
[Black "forku2"]
[Result "0-1"]
[WhiteElo "1534"]
[BlackElo "1644"]
[TimeControl "2700+45"]

1. e4 e6 2. d4 d5 3. e5 c5 4. Nf3 Nc6 5. Bd3 Qb6 6. O-O Bd7 7. Re1 Rc8 8. Nbd2
cxd4 9. Nb3 Nb4 10. Nbxd4 Nxd3 11. Qxd3 Ne7 12. c3 a6 13. Qe2 Ng6 14. Be3 Qc7
15. h4 h5 16. Bg5 Bc6 17. Rac1 Be7 18. Bxe7 Qxe7 19. Nxc6 Rxc6 20. g3 Qc7 21.
Nd2 Ne7 22. c4 g6 23. Qf1 Qa5 24. cxd5 Nxd5 25. Nc4 Qxa2 26. Nd6+ Rxd6 27. exd6
Kd7 28. Rc7+ Nxc7 29. dxc7 Kxc7 30. Qe2 Qd5 31. Qe5+ Qxe5 32. Rxe5 Rd8 33. Re4
a5 34. Rf4 f5 35. b4 a4 36. b5 Rd1+ 37. Kg2 Ra1 38. Kf3 Kb6 39. Ke3 Kxb5 40. Kd2
Ra2+ 41. Kc3 Ra3+ 42. Kb2 Rb3+ 43. Ka2 e5 {White resigns} 0-1

[Event "Team 45 45 League T24"]
[Site "Internet Chess Club"]
[Date "2004.10.17"]
[Round "6"]
[White "liger"]
[Black "Mississippian"]
[Result "0-1"]
[WhiteElo "1194"]
[BlackElo "1517"]
[TimeControl "2700+45"]

1. e4 c6 2. Nf3 d5 3. exd5 cxd5 4. Bb5+ Bd7 5. Bxd7+ Nxd7 6. d4 e6 7. a3 Bd6 8.
Nc3 Qa5 9. Bd2 Qb6 10. Rb1 Ne7 11. O-O O-O 12. Re1 Nf5 13. Be3 Nf6 14. Bg5 Qd8
15. Nb5 Bb8 16. Bxf6 Qxf6 17. Ne5 Rd8 18. b3 a6 19. Nc3 Bd6 20. a4 Bb4 21. Qd3
Rac8 22. Nxd5 Rxd5 23. Re4 Rc3 24. Ng4 Qd8 25. Qd1 Rxd4 26. Rxd4 Qxd4 27. Qxd4
Nxd4 28. Rd1 Rxc2 29. h3 Rc1 30. Rxc1 Ne2+ 31. Kh2 Nxc1 32. Ne5 Bd6 33. f4 Nxb3
{White resigns} 0-1

[Event "Team 45 45 League T24"]
[Site "Internet Chess Club"]
[Date "2004.10.23"]
[Round "6"]
[White "A-Ru"]
[Black "ChessAddict"]
[Result "1-0"]
[WhiteElo "1964"]
[BlackElo "2044"]
[TimeControl "2700+45"]

1. d4 Nf6 2. Nf3 g6 3. Nc3 d5 4. Bf4 Bg7 5. e3 O-O 6. Be2 Nh5 7. Be5 f6 8. Bg3
Nxg3 9. hxg3 c6 10. Qd2 e5 11. O-O-O Bg4 12. Rh4 exd4 13. Nxd4 Bxe2 14. Qxe2 Re8
15. Rdh1 h6 16. Qd3 f5 17. g4 c5 18. Nde2 d4 19. exd4 cxd4 20. Nb5 g5 21. Rxh6
Nc6 22. Qxf5 Rxe2 23. Qg6 Kf8 24. Rh8+ Bxh8 25. Rxh8+ Ke7 26. Rh7+ {Black
resigns} 1-0

[Event "Team 45 45 League T24"]
[Site "Internet Chess Club"]
[Date "2004.10.17"]
[Round "6"]
[White "chickenhead"]
[Black "DirkPlenty"]
[Result "1-0"]
[WhiteElo "1904"]
[BlackElo "1936"]
[TimeControl "2700+45"]

1. c4 Nf6 2. Nf3 e6 3. Nc3 d5 4. d4 Be7 5. Bg5 O-O 6. e3 c5 7. dxc5 Bxc5 8. cxd5
exd5 9. Bxf6 Qxf6 10. Qxd5 Bb4 11. Qd4 Qe7 12. Qe5 Be6 13. Bd3 Nd7 14. Qe4 Nf6
15. Qh4 Qc7 16. Qxb4 {Black resigns} 1-0

[Event "Team 45 45 League T24"]
[Site "Internet Chess Club"]
[Date "2004.10.22"]
[Round "6"]
[White "mickeys"]
[Black "six-killer"]
[Result "1/2-1/2"]
[WhiteElo "1773"]
[BlackElo "1861"]
[TimeControl "2700+45"]

1. d4 Nf6 2. c4 e6 3. a3 b6 4. Nc3 Bb7 5. Qc2 Be7 6. e4 d6 7. Bd3 e5 8. d5 O-O
9. Nge2 Nbd7 10. Ng3 Ne8 11. Nf5 Bg5 12. Bxg5 Qxg5 13. Ne3 Nc5 14. O-O-O Bc8 15.
h4 Qh6 16. Kb1 Nxd3 17. Qxd3 a6 18. g4 Qf4 19. Ne2 Qf3 20. Rdg1 Bxg4 21. Nc1 Bh5
22. Rh2 Nf6 23. Rhg2 g6 24. Rg5 Kh8 25. R5g3 Qxe4 26. Nc2 Qxd3 27. Nxd3 Ne4 28.
Re3 f5 29. f4 exf4 30. Nxf4 Nd2+ 31. Kc1 Nxc4 32. Rc3 Ne5 33. Ne6 Rfc8 34. Ncd4
b5 35. Ng5 Nc4 36. Nc6 Kg7 37. Ne6+ Kf6 38. Re1 Nb6 39. Ng5 Nxd5 40. Re6+ Kg7
41. Rd3 h6 42. Nh3 Nf6 43. Re7+ Kf8 44. Nf4 Ne4 45. Ne6+ Kg8 46. Rg7+ Kh8 47.
Ne7 Re8 48. Nxg6+ Bxg6 49. Rxg6 Kh7 50. h5 Nc5 51. Nxc5 dxc5 52. Rd7+ Kh8 53.
Rxh6+ Kg8 54. Rhh7 Re1+ 55. Kd2 Rg1 56. h6 Re8 57. Rhf7 Rg2+ 58. Kd1 Rg1+ 59.
Kd2 Rg2+ 60. Kd1 Rg1+ 61. Kd2 {Game drawn by repetition} 1/2-1/2

[Event "Team 45 45 League T24"]
[Site "Internet Chess Club"]
[Date "2004.10.18"]
[Round "6"]
[White "viking99"]
[Black "jmoffitt"]
[Result "1-0"]
[WhiteElo "1794"]
[BlackElo "1635"]
[TimeControl "2700+45"]

1. e4 c5 2. Nf3 d6 3. d4 cxd4 4. Nxd4 Nf6 5. f3 g6 6. c4 Bg7 7. Nc3 O-O 8. Be3
Nc6 9. Be2 Bd7 10. O-O Rc8 11. Rc1 Qa5 12. Nb3 Qd8 13. Qd2 a6 14. Nd5 Ne5 15.
Bb6 Qe8 16. Nc7 Qd8 17. Nd5 Qe8 18. Na5 Bc6 19. Rfd1 Nfd7 20. Be3 Qd8 21. f4 b6
22. fxe5 bxa5 23. exd6 exd6 24. Bh6 Bxd5 25. Bxg7 Qb6+ 26. Bd4 Nc5 27. exd5 Rfe8
28. Qh6 Re5 29. b3 Rce8 30. Kh1 Qb4 31. Bxe5 Rxe5 32. Qd2 Qa3 33. Bf3 f5 34. Re1
Kf7 35. Rxe5 dxe5 36. d6 e4 37. d7 Qxc1+ 38. Qxc1 Nxd7 39. Bxe4 fxe4 40. Qf4+
Kg7 41. Qxe4 {Black resigns} 1-0

[Event "Team 45 45 League T24"]
[Site "Internet Chess Club"]
[Date "2004.10.15"]
[Round "6"]
[White "TheTankDriver"]
[Black "JustinSane"]
[Result "1/2-1/2"]
[WhiteElo "2246"]
[BlackElo "2264"]
[TimeControl "2700+45"]

1. d4 Nf6 2. c4 g6 3. Nc3 d5 4. cxd5 Nxd5 5. e4 Nxc3 6. bxc3 Bg7 7. Rb1 O-O 8.
Nf3 c5 9. Be2 cxd4 10. cxd4 Qa5+ 11. Bd2 Qxa2 12. O-O Nd7 13. Bb4 Nb6 14. h3 Bd7
15. Ra1 Qe6 16. Bd3 f6 17. Bc5 Rfc8 18. d5 Qf7 19. Bxb6 axb6 20. Rxa8 Rxa8 21.
Qb3 {Game drawn by mutual agreement} 1/2-1/2

[Event "Team 45 45 League T24"]
[Site "Internet Chess Club"]
[Date "2004.10.22"]
[Round "6"]
[White "shadow-master"]
[Black "Gregorio"]
[Result "1-0"]
[WhiteElo "2236"]
[BlackElo "2118"]
[TimeControl "2700+45"]

1. c4 Nf6 2. Nf3 g6 3. d4 Bg7 4. Nc3 d5 5. cxd5 Nxd5 6. e4 Nxc3 7. bxc3 O-O 8.
h3 c5 9. Be3 Nc6 10. Be2 Qa5 11. O-O cxd4 12. cxd4 Rd8 13. d5 e6 14. Bd2 Bc3 15.
Bxc3 Qxc3 16. Rc1 Qb4 17. Bc4 Na5 18. Qe2 Nxc4 19. Rxc4 Qb5 20. d6 Qa6 21. e5
Bd7 22. Nd4 b5 23. Rc7 Qb6 24. Qe4 Rab8 25. Rfc1 Qa5 26. Qf4 Rb6 27. Rxd7 Rxd7
28. Rc8+ Kg7 29. Qf6+ Kh6 30. Rg8 Qc3 31. Qh4# {Black checkmated} 1-0

[Event "Team 45 45 League T24"]
[Site "Internet Chess Club"]
[Date "2004.10.14"]
[Round "6"]
[White "PublisherKing"]
[Black "nightly"]
[Result "0-1"]
[WhiteElo "1944"]
[BlackElo "1901"]
[TimeControl "2700+45"]

1. g3 d5 2. Nf3 Bg4 3. Bg2 Nd7 4. d4 e6 5. O-O c5 6. Bf4 Ne7 7. dxc5 Nc6 8. Na3
Bxc5 9. Nb5 O-O 10. c4 dxc4 11. Nd6 Bxd6 12. Bxd6 Re8 13. Rc1 Nb6 14. Qd2 Nd5
15. Ba3 b5 16. Rfd1 Qb6 17. Bd6 Rad8 18. Bf4 Nxf4 19. Qxf4 Bxf3 20. Qxf3 Nd4 21.
Qe3 Rd6 22. Kf1 Red8 23. Qf4 Nf5 24. Rxd6 Qxd6 25. Qxd6 Nxd6 26. Rd1 Nb7 27.
Rxd8+ Nxd8 28. Ke1 Kf8 29. Kd2 Ke7 30. Ke3 Kd6 31. h4 Nc6 32. f4 f6 33. Be4 h6
34. Kd2 Kc5 35. h5 a5 36. g4 Nb4 37. a3 Nd5 38. e3 b4 39. axb4+ axb4 40. Bb1 Nb6
41. Be4 Na4 42. Kc1 b3 43. Bg6 Kb4 44. Be4 Nc5 45. Bg6 c3 46. bxc3+ Kxc3 47. Bh7
b2+ 48. Kb1 Nb3 49. Ka2 Nd2 50. Bb1 Nxb1 51. Kxb1 Kd3 52. f5 exf5 53. gxf5 Kxe3
54. Kxb2 Kf4 {White resigns} 0-1